 Dungeon Crawl Stone Soup version 0.26.1-11-gd32895ea62 (webtiles) character file.

Game seed: 11204033167671084119

620 Zeld the Digger (level 7, -1/36 HPs)
             Began as a Gargoyle Earth Elementalist on Sept 3, 2021.
             Slain by a gnoll zombie (3 damage)
             ... in an ossuary.
             The game lasted 00:08:48 (5749 turns).

Zeld the Digger (Gargoyle Earth Elementalist)       Turns: 5749, Time: 00:08:49

Health: -1/36      AC: 10    Str: 12    XL:     7   Next: 46%
Magic:  2/12       EV: 12    Int: 17    God:
Gold:   151        SH:  4    Dex: 10    Spells: 3/13 levels left

rFire    . . .     SeeInvis .   (no weapon)
rCold    . . .     Faith    .   r - +0 buckler
rNeg     + . .     Spirit   .   c - +0 robe
rPois    ∞         Reflect  .   o - +2 hat
rElec    +         Harm     .   (no cloak)
rCorr    .         Rampage  .   m - +0 pair of gloves
Will     .....                  (no boots)
Stlth    ++........             (no amulet)
HPRegen  0.12/turn              (no ring)
MPRegen  0.13/turn              (no ring)

@: no status effects
A: negative energy resistance 1, electricity resistance, unbreathing,
petrification resistance, miasma immunity, AC +4
a: no special abilities


You were in an ossuary.
You visited 1 branch of the dungeon, and saw 6 of its levels.
You also visited: Ossuary.

You collected 187 gold pieces.
You spent 36 gold pieces at shops.

Inventory:

Armour
 c - a +0 robe (worn)
 m - a +0 pair of gloves (worn)
 o - a +2 hat (worn)
 r - a +0 buckler (worn)
Jewellery
 f - an uncursed amulet of regeneration {unknown}
 t - a cursed -4 ring of intelligence {unknown}
Scrolls
 d - a scroll of random uselessness {unknown}
 e - 4 scrolls of identify {unknown}
 h - 2 scrolls of teleportation {unknown}
 i - 2 scrolls of fear {unknown}
 k - a scroll of magic mapping {unknown}
 s - a scroll of enchant armour {unknown}
Potions
 a - 2 potions of heal wounds {unknown}
 g - 2 potions of might {unknown}
 j - 5 potions of curing {unknown}
 l - a potion of attraction {unknown}
 n - a potion of berserk rage {unknown}
 p - a potion of ambrosia {unknown}
 q - 2 potions of mutation {unknown}
 u - a potion of brilliance {unknown}


   Skills:
 + Level 2.6 Armour
 + Level 2.5 Dodging
 + Level 3.7 Stealth
 + Level 2.0 Shields
 * Level 3.9 Spellcasting
 + Level 2.3 Conjurations
 - Level 1.0 Transmutations
 * Level 5.7 Earth Magic


You had 3 spell levels left.
You knew the following spells:

 Your Spells              Type           Power        Failure   Level
a - Sandblast             Erth           44%          1%          1
b - Passwall              Tmut/Erth      11%          8%          2
c - Stone Arrow           Conj/Erth      34%          12%         3
d - Petrify               Tmut/Erth      14%          45%         4

Your spell library contained the following spells:

 Spells                   Type           Power        Failure   Level
 Lee's Rapid Deconstruct  Erth           11%          45%         5


Dungeon Overview and Level Annotations

Branches:
Dungeon (7/15)            Ossuary (1/1)
 Temple: D:4-7

Altars:
Ashenzari
Dithmenos
Kikubaaqudgha
Trog
Uskayaw
Yredelemnul

Shops:
D:5 (


Innate Abilities, Weirdness & Mutations

You are resistant to torment.
Your stone body is resilient. (AC +4)
You are immune to poison.
You resist negative energy. (rN+)
You are resistant to electric shocks. (rElec)
You can survive without breathing.
You are immune to petrification.
You are immune to miasma.


Message History

The water moccasin zombie is almost destroyed.
You block the water moccasin zombie's attack.
An arrow hits the gnoll zombie!
You barely miss the water moccasin zombie.
The water moccasin zombie is almost destroyed.
The water moccasin zombie bites you.
* * * LOW HITPOINT WARNING * * *
An arrow hits the gnoll zombie!
The water moccasin zombie bites you but does no damage.
The water moccasin zombie bites you.
* * * LOW HITPOINT WARNING * * *
There is a gate leading back out of this place here.
You hit the water moccasin zombie.
The water moccasin zombie is almost destroyed.
The water moccasin zombie barely misses you.
You closely miss the water moccasin zombie.
The water moccasin zombie is almost destroyed.
You block the water moccasin zombie's attack.
The gnoll zombie hits you.
You die...

# #^^^# #
#^^^# # #^^.#
# ##'## #
#.^^# # ###
#####^^.# #
#!?!?#...#..^#
+
+!?[?#.∩.'.^Z#
#
#???!#...#.Z@#
# ###
#########


You could see a water moccasin zombie and a gnoll zombie.

Vanquished Creatures
  A black bear (D:7)
  2 bullfrogs
  A water moccasin zombie (Ossuary)
  A jelly (D:7)
  A hound (D:6)
  A worker ant (D:7)
  4 big kobold zombies (Ossuary)
  A worker ant zombie (D:5)
  2 adders (D:3)
  An ufetubus (D:5)
  An ooze (D:2)
  5 adder zombies (Ossuary)
  A worm (D:2)
  A dart slug (D:1)
  2 leopard geckos
  6 orcs
  8 bats
  5 giant cockroaches
  5 gnoll zombies (Ossuary)
  7 goblins
  7 hobgoblins
  3 kobolds
  2 quokkas
  2 ball pythons
  4 frilled lizards
  3 hobgoblin zombies (Ossuary)
  6 kobold zombies (Ossuary)
  4 orc zombies (Ossuary)
  A quokka skeleton (D:6)
  10 rats
98 creatures vanquished.

Vanquished Creatures (others)
  A water moccasin zombie (Ossuary)
1 creature vanquished.

Grand Total: 99 creatures vanquished

Notes
Turn   | Place    | Note
-------+----------+-------------------------------------------
     0 | D:1      | Zeld the Gargoyle Earth Elementalist began the quest for
                  | the Orb.
     0 | D:1      | Reached XP level 1. HP: 10/10 MP: 3/3
     8 | D:1      | Noticed an electric eel
   156 | D:1      | Reached XP level 2. HP: 15/15 MP: 0/5
   390 | D:1      | Reached skill level 4 in Earth Magic
   391 | D:1      | Reached skill level 1 in Transmutations
   730 | D:1      | Reached XP level 3. HP: 19/19 MP: 4/6
   733 | D:1      | Learned a level 2 spell: Passwall
   737 | D:1      | Learned a level 3 spell: Stone Arrow
  1540 | D:2      | Found a shadowy altar of Dithmenos.
  1566 | D:2      | Noticed a +0 dagger
  1566 | D:2      | Noticed a +0 hand axe
  1570 | D:2      | Found a hide-covered altar of Uskayaw.
  1775 | D:2      | Found a basalt altar of Yredelemnul.
  2226 | D:2      | Reached skill level 1 in Armour
  2350 | D:2      | Reached XP level 4. HP: 24/24 MP: 4/7
  2862 | D:3      | Found a broken altar of Ashenzari.
  3003 | D:3      | You fall into a shaft and drop 3 floors!
  3020 | D:6      | Noticed a bullfrog
  3025 | D:6      | Noticed a phantom
  3254 | D:6      | Noticed a black bear
  3268 | D:6      | Reached skill level 1 in Conjurations
  3283 | D:6      | Noticed an ice beast
  3303 | D:6      | Reached XP level 5. HP: 28/28 MP: 1/9
  3382 | D:7      | Found a bloodstained altar of Trog.
  3389 | D:7      | Killed a black bear
  3390 | D:7      | Reached skill level 1 in Shields
  3746 | D:7      | Reached skill level 5 in Earth Magic
  3746 | D:7      | Reached XP level 6. HP: 25/32 MP: 6/10
  3753 | D:7      | Learned a level 4 spell: Petrify
  4179 | D:6      | Found an ancient bone altar of Kikubaaqudgha.
  4190 | D:5      | Entered Level 5 of the Dungeon
  4205 | D:5      | Found Farotel's Weapon Shop.
  4208 | D:5      | Bought 26 stones for 36 gold pieces
  4237 | D:5      | Found a sand-covered staircase.
  4246 | Ossuary  | Entered an ossuary
  4459 | Ossuary  | Reached XP level 7. HP: 36/36 MP: 2/12
  5746 | Ossuary  | HP: 1/36 [water moccasin zombie (1)]
  5749 | Ossuary  | Slain by a gnoll zombie

Illustrated notes

Levels and vault maps discovered:
D:1:      arrival_aquarium_a, layout_basic, serial_aquarium,
          aquarium_bridge_straight [aquarium_subvault_bridge,
          aquarium_subvault_wall, aquarium_subvault_bridge,
          aquarium_subvault_window], aquarium_window_1, aquarium_window_3,
          aquarium_view_2b, aquarium_balcony_3a, roderic_cross_of_infinity
D:2:      layout_basic, dancing_weapons_uskayaw, lemuel_doored_altar,
          nicolae_overflow_crystal_walls, amcnicky_mini_corridor_feature,
          minmay_vboxes
D:3:      layout_basic, ashenzari_altar_1
D:5:      layout_rooms, minmay_temple_entry_butterflies, serial_shops,
          kennysheep_mini_moat, enter_ossuary_2, kennysheep_generic_room_12
D:6:      layout_basic, kennysheep_mini, minmay_fractal_squares_diagonal_5
D:7:      statuecave_lemuel, layout_rooms, bloody_trog,
          hellmonk_ghost_happy_afterlife, basic_altar
Ossuary:  ossuary_tomb_2

Skill      XL: |  1  2  3  4  5  6  7 |
---------------+----------------------+-----
Earth Magic    | 4 5 |  5.7
Transmutations | 1 |  1.0
Armour         | 1 2 |  2.6
Dodging        | 2 |  2.5
Conjurations   | 1 2 |  2.3
Stealth        | 3 |  3.7
Shields        | 1 2 |  2.0
Spellcasting   | 3 |  3.9

Action                   |  1- 3 |  4- 6 |  7- 9 || total
-------------------------+-------+-------+-------++-------
Melee: Unarmed           |    14 |    16 |   152 ||   182
 Cast: Sandblast         |    56 |    81 |    28 ||   165
       Passwall          |       |     2 |       ||     2
       Stone Arrow       |       |       |    12 ||    12
Armor: Robe              |    13 |    33 |    60 ||   106
Dodge: Dodged            |    32 |    58 |    81 ||   171
Block: Buckler           |       |    19 |    17 ||    36
